Kradschützen Motorcycle Team
Selects Italian Combined Arms Battlegroup
Selects Bersaglieri Squad
Selects Bersaglieri Squad
Selects Bersaglieri Squad
Construct Light Support Kompanie
Selects Bersaglieri Bolster
Selects Breda Model 30 Light Machine Guns
Pak 38 Anti-tank Gun Team
Construct Panzerarmee Kommand
le.IG 18 Mechanized Group
Walking Stuka Rocket Launcher
Walking Stuka Rocket Launcher
Selects Semovente da 75/18 Assault Gun